 Dungeon Crawl Stone Soup version 0.31-a0-664-g902f515a81 (webtiles) character file.

Game seed: 10624932526642406153

18 demibob the Poker (level 2, 0/24 HPs)
             Began as a Demonspawn Chaos Knight on Sept 2, 2023.
             Was a Plaything of Xom.
             Slain by a kobold
             ... wielding a +0 whip
              (4 damage)
             ... on level 1 of the Dungeon.
             The game lasted 00:00:41 (445 turns).

demibob the Poker (Demonspawn Chaos Knight)          Turns: 445, Time: 00:00:42

Health: 0/24       AC:  5    Str: 12    XL:     2   Next: 48%
Magic:  2/2        EV: 11    Int: 13    God:    Xom [..*...]
Gold:   25         SH:  0    Dex: 14    Spells: 1/1 levels left

rFire   . . .        a - +0 spear (chaos)
rCold   . . .        (no shield)
rNeg    . . .        b - +2 leather armour
rPois   .            (no helmet)
rElec   .            (no cloak)
rCorr   .            (no gloves)
SInv    .            (no boots)
Will    .....        (no amulet)
Stlth   ++           (no ring)
HPRegen 0.24/turn    (no ring)
MPRegen 0.08/turn

%: no passive effects
@: mighty
A: thin skeletal structure 1
a: Renounce Religion


You were on level 1 of the Dungeon.
You worshipped Xom.
You were a toy of Xom.
You visited 1 branch of the dungeon, and saw 2 of its levels.

You collected 25 gold pieces.


Innate Abilities, Weirdness & Mutations

You have a somewhat thin skeletal structure. (Dex +2, Stealth+)


   Skills:
 - Level 3.0 Fighting
 + Level 3.5 Polearms
 - Level 1.7 Armour
 - Level 0.8 Dodging


You had one spell level left.
You didn't know any spells.
Your spell library was empty.

Inventory:

Hand Weapons
 a - a +0 spear of chaos (weapon)
Armour
 b - a +2 leather armour (worn)
Scrolls
 c - a scroll of butterflies
 e - a scroll of teleportation {unknown}
 f - a scroll of torment {unknown}
 g - a scroll of identify {unknown}

Dungeon Overview and Level Annotations

Branches:
Dungeon (2/15)

Altars:

##.......#
#.### ###.....#
#...### #.....#
#.#...# #.....
##...♣.#
#.....##..P.P.#
#.....#...♣♣P.#
#.....♣.†..##
##....♣♣P.P#
#..@P♣ ...#
#..K♣♣ .#.#
#?.P. .....
#..PP.. .♣ ♣♣.
#.......♣♣ .
#.##....♣ #.
####.♣ #. .♣


You could see a kobold (berserk).


Message History

You are too injured to fight recklessly!
You are too injured to fight recklessly!
You are too injured to fight recklessly!
You are too injured to fight recklessly!
You are too injured to fight recklessly!
You are too injured to fight recklessly!
You are too injured to fight recklessly!
You are too injured to fight recklessly!
You are too injured to fight recklessly!
You are too injured to fight recklessly!
You are too injured to fight recklessly!
You are too injured to fight recklessly!
You are too injured to fight recklessly!
You are too injured to fight recklessly!
You are too injured to fight recklessly!
You are too injured to fight recklessly!
Unknown command.
It was a potion of might.
You feel very mighty all of a sudden. The kobold barely misses you.
You closely miss the kobold.
The kobold is lightly wounded.
The kobold hits you with a +0 whip!
* * * LOW HITPOINT WARNING * * *
The kobold hits you but does no damage.
You hit the kobold.
The kobold is almost dead.
The kobold hits you with a +0 whip.
You die... "Boring in life, boring in death..."

Skill      XL: |  1 |
---------------+----+-----
Polearms       | 3 |  3.5
Fighting       | |  3.0
Armour         | |  1.7
Dodging        | |  0.8

Action                     || total
---------------------------++-------
  Melee: Spear             ||    54
    Use: Potion            ||     1
   Stab: Sleeping          ||     2
         Distracted        ||     1
 Armour: Leather armour    ||    21
  Dodge: Dodged            ||    21

Levels and vault maps discovered:
D:1:      ldierk_walled_garden_2, layout_basic, serial_forest,
          infiniplex_forest_clump_diagonal, infiniplex_forest_fountain,
          infiniplex_forest_clump_medium, infiniplex_forest_end_2,
          infiniplex_forest_end_2, infiniplex_forest_split,
          infiniplex_forest_end_1, st_stairs_4
D:2:      cheibrodos_fertilizer, layout_loops_ring,
          dreamdust_ecumenical_altar_angels_and_demons, minivault_19

Notes
Turn   | Place    | Note
-------+----------+-------------------------------------------
     0 | D:1      | demibob the Demonspawn Chaos Knight began the quest for the
                  | Orb.
     0 | D:1      | Reached XP level 1. HP: 18/18 MP: 1/1
   115 | D:1      | Reached skill level 3 in Polearms
   136 | D:1      | Gained mutation: You have a somewhat thin skeletal
                  | structure. (Dex +2, Stealth+) [demonic ancestry]
   136 | D:1      | Reached XP level 2. HP: 24/24 MP: 2/2
   143 | D:1      | You fall into a shaft and drop 1 floor!
   445 | D:1      | Slain by a kobold

Vanquished Creatures
  3 bats
  3 endoplasms
  A giant cockroach (D:1)
  2 hobgoblins (D:1)
  A quokka (D:1)
  2 ball pythons
  2 kobolds (D:1)
14 creatures vanquished.

Table legend: (Time is in decaauts)
 A = Elapsed time spent in this place.
 B = Non-inter-level travel time spent in this place.
 C = Inter-level travel time spent in this place.
 D = Time resting spent in this place.
 E = Time spent auto-exploring this place.
 F = Levels seen in this place.
 G = Mean time per level.
                   A        B        C        D        E       F      G
               +--------+--------+--------+--------+--------+-----+--------+
         Total |    441 |    423 |     18 |      0 |    317 |   2 |  220.5 |
       Dungeon |    441 |    423 |     18 |      0 |    317 |   2 |  220.5 |
               +--------+--------+--------+--------+--------+-----+--------+

Top non-repeatable levels by time:
     D:1: 323 daAuts
     D:2: 118 daAuts

Table legend:
 A = Non-vault XP
 B = Vault XP
 C = Vault XP percentage of total XP
 D = Non-vault monster count
 E = Vault monster count
 F = Vault count percentage of total count
                 A         B        C        D         E       F
            +---------+---------+-------+---------+---------+-------
      Total |      26 |       0 |   0.0 |      14 |       0 |   0.0
            +---------+---------+-------+---------+---------+-------
        D:1 |      19 |       0 |   0.0 |      10 |       0 |   0.0
        D:2 |       7 |       0 |   0.0 |       4 |       0 |   0.0
            +---------+---------+-------+---------+---------+-------
